 Dungeon Crawl Stone Soup version 0.17-a0-910-ga669010 (webtiles) character file.

42685 namelastname112 the Severer (level 13, -2/122 HPs)
             Began as a Black Draconian Gladiator on May 2, 2015.
             Was an Elder of Ashenzari.
             Slain by a death yak (13 damage)
             ... on level 6 of the Lair of Beasts.
             The game lasted 00:44:34 (18935 turns).

namelastname112 the Severer (DrGl)                 Turns: 18935, Time: 00:44:34

Health: -2/122     AC: 12    Str: 19    XL:     13   Next: 86%
Magic:  13/13      EV: 22    Int:  9    God:    Ashenzari [****..]
Gold:   1019       SH:  0    Dex: 16    Spells: 0 memorised, 12 levels left

rFire  . . .     SeeInvis +     k - +14 obsidian axe {chop, +Fly Str+3 SInv Curse} (curse)
rCold  + . .     Clarity  +     (armour unavailable)
rNeg   . . .     SustAb   .     (no shield)
rPois  +         Gourm    .     b - +1 hat (curse)
rElec  +         Spirit   .     r - +1 cloak (curse)
rCorr  .         Warding  .     (no gloves)
rMut   .         Stasis   .     y - +0 pair of boots (curse)
MR     .....                    (no amulet)
Stlth  ++........               j - ring of protection from cold (curse)
                                C - ring of poison resistance (curse)

@: mesmerised, not resistant to hostile enchantments, unstealthy
A: breathe lightning, unfitting armour, blurry vision 2, screaming 1,
electricity resistance, weak 1, no device heal 1, cold-blooded, subdued magic 1,
MP-powered wands, AC +8
a: Breathe Lightning, Scrying, Renounce Religion, Evoke Flight


You were on level 6 of the Lair of Beasts.
You worshipped Ashenzari.
Ashenzari was greatly pleased with you.
You were very hungry.

You visited 2 branches of the dungeon, and saw 17 of its levels.

You collected 1019 gold pieces.

Inventory:

Hand weapons
 k - the cursed +14 obsidian axe (weapon) {chop, +Fly Str+3 SInv Curse}
   (You found it on level 5 of the Dungeon)

   It inflicts extra damage upon your enemies.
   It affects your strength (+3).
   It enhances your eyesight.
   It lets you fly.
   It may re-curse itself when equipped.
   It has a curse placed upon it.
Missiles
 c - 3 throwing nets (quivered)
Armour
 b - a cursed +1 hat (worn)
 r - a cursed +1 cloak (worn)
 y - a cursed +0 pair of boots (worn)
Jewellery
 j - a cursed ring of protection from cold (right hand)
 C - a cursed ring of poison resistance (left hand)
 E - an uncursed ring of fire
Magical devices
 a - a wand of digging (17)
 q - a wand of frost (17)
 A - a wand of slowing (34)
 B - a wand of lightning (9)
 L - a wand of teleportation (2)
 N - a wand of teleportation (5)
 Y - a wand of enslavement (5)
Scrolls
 f - 8 scrolls of identify
 g - 2 scrolls of fear
 i - a scroll of blinking
 l - 2 scrolls of fog
 m - 5 scrolls of teleportation
 s - 2 scrolls of recharging
 G - 3 scrolls of magic mapping
 H - 2 scrolls of enchant weapon
 M - a scroll of enchant armour
 U - 2 scrolls of curse jewellery
 W - 7 scrolls of remove curse
Potions
 e - 2 potions of brilliance
 n - 2 potions of cancellation
 o - 4 potions of might
 p - a potion of agility
 t - a potion of beneficial mutation
 u - 5 potions of haste
 x - a potion of resistance
 z - 2 potions of lignification
 I - 4 potions of curing
 J - a potion of invisibility
 K - a potion of ambrosia
 Z - a potion of flight
Books
 v - the Guide on Augmentations and Feathers
   (You found it on level 3 of the Lair of Beasts)

   Spells                             Type                      Level
   a - Song of Slaying                Charms                       2
   b - Flight                         Charms/Air                   3
   c - Mephitic Cloud                 Conjuration/Poison/Air       3
   d - Excruciating Wounds            Charms/Necromancy            5
   e - Ring of Flames                 Charms/Fire                  7
 D - a book of the Warp

   Spells                             Type                      Level
   a - Recall                         Summoning/Translocation      3
   b - Gell's Gravitas                Hexes/Translocation          3
   c - Control Teleport               Charms/Translocation         4
   d - Force Lance                    Conjuration/Translocation    4
   e - Phase Shift                    Translocation                5
   f - Warp Weapon                    Charms/Translocation         5
   g - Summon Forest                  Summoning/Translocation      5
Comestibles
 d - 11 bread rations
 h - a slice of pizza
 w - 9 fruits
 F - 2 beef jerkies


   Skills:
 + Level 13.2 Fighting
 * Level 15.6(18.5) Axes
   Level 6.5 Staves
 - Level 1.7 Throwing
 + Level 11.4(13.4) Dodging


You had 12 spell levels left.
You didn't know any spells.

Dungeon Overview and Level Annotations

Branches:
Dungeon (11/15) Temple (0/1) D:4 Lair (6/8) D:8 Swamp (0/4) Lair:3 Lair:6 Spider (0/4) Lair:5 Orc (0/4) D:9 Slime: Lair:6-8

Altars:
Ashenzari
Cheibriados
Fedhas
Gozag
Nemelex Xobeh
Trog
Vehumet
Yredelemnul
Zin
The Shining One

Shops:
D:9 :

Annotations:
Lair:4 exclusion: oklob plant


Innate Abilities, Weirdness & Mutations

You can breathe wild blasts of lightning.
Your glossy black scales are hard (AC +8).
Your body does not fit into most forms of armour.
You are resistant to electric shocks.
You are cold-blooded and may be slowed by cold attacks.
Scrolls take you longer to read.
You occasionally shout uncontrollably at your foes.
You are weak. (Str -2)
Potions and wands are less effective at restoring your health.
Your spells are a little easier to cast, but a little less powerful.
You expend magic power (3 MP) to strengthen your wands.


Message History

The death yak is almost dead.
You slash the plant!
The plant is almost destroyed.
The death yak gores you!
* * * LOW HITPOINT WARNING * * *
You barely miss the death yak.
You tail-slap the death yak, but do no damage.
The death yak is almost dead.
You slice the plant!! You open a gate to Pandemonium!
A demon appears!
You destroy the plant!
Your chaos spawn degenerates into a cloud of primal chaos!
The death yak gores you!
* * * LOW HITPOINT WARNING * * *
Your orange demon stings the death yak but does no damage.
Drink which item? (? for menu, Esc to quit)
You feel better. The death yak completely misses you.
Your chaos spawn hits the death yak but does no damage.
Your orange demon stings the death yak but does no damage.
The death yak gores you!
You die...

.#######..................##.....
## ###...................P... .#
#....#...........P..P... .##
###..#.##....P.....PP..# ..#
#...###.............P.♣ ..##
##.<####.........♣♣♣♣♣♣ ...#
#...##....≈≈≈≈≈≈≈PP♣♣♣ ...#
##....#Y...≈≈≈P≈P≈≈≈≈P♣ ..##
#....†@34...≈P≈≈≈≈≈≈≈≈♣ ...#
#####§.4...P≈≈≈P≈≈≈≈≈≈≈ ...##
#.#.#.....PP≈≈≈≈≈≈≈≈≈≈ ...P#
##..........P≈≈≈≈≈≈≈≈≈P
....#######...........≈P≈P≈≈≈≈≈≈≈
...#.#..#P#..........P≈≈≈≈≈≈≈≈≈≈≈
..####................≈≈P≈≈≈≈≈≈≈≈
...##................PPP≈≈≈PP≈≈♣♣
..#..................PP≈≈≈≈≈≈♣♣♣


You could see a death yak (berserk), a friendly orange demon, a friendly blue
devil and a friendly chaos spawn.

Vanquished Creatures
  A hydra (Lair:5)
  11 death yaks
  A queen ant (Lair:5)
  The ghost of namelastname112 the Cruncher, an experienced DrGl of Elyvilon (D:9)
  2 unseen horrors
  A necromancer (Lair:6)
  A giant orange brain (D:10)
  A griffon (Lair:6)
  5 elephants (Lair:4)
  A torpor snail (Lair:4)
  2 black mambas
  A gargoyle (D:11)
  4 komodo dragons
  A fire drake (Lair:6)
  10 spiny frogs
  4 trolls (D:10)
  A polar bear (Lair:2)
  A human (D:7)
  2 wraiths (Lair:4)
  4 wyverns
  20 yaks
  A steam dragon (D:9)
  8 wolves
  8 hippogriffs
  3 basilisks
  6 swamp worms (Lair:6)
  15 soldier ants (Lair:5)
  2 chaos spawn (Lair:3)
  7 water moccasins
  5 ice beasts
  A mottled dragon (D:10)
  7 porcupines
  A wasp (D:9)
  7 orc warriors
  A boring beetle (Lair:6)
  2 black bears
  A phantom (D:6)
  6 sky beasts
  2 ogres
  3 centaurs
  3 brain worms (D:10)
  A big kobold (D:10)
  21 giant frogs
  14 crocodiles
  2 scorpions
  A quasit (D:11)
  6 electric eels
  5 crimson imps
  4 hounds
  A centaur skeleton (D:5)
  Ijyb (D:2)
  A jelly (D:11)
  19 orc wizards
  5 orc priests
  Terence (D:2)
  2 giant frog skeletons
  6 iguanas
  17 worker ants
  A polar bear simulacrum (Lair:6)
  A killer bee zombie (D:7)
  2 yak simulacra (Lair:6)
  2 wolf simulacra (Lair:6)
  8 sheep
  2 hound skeletons
  Robin (D:2)
  16 river rats
  13 adders
  A shadow imp (D:7)
  3 adder skeletons
  2 worms
  5 giant geckos
  38 orcs
  A bat skeleton (D:7)
  2 bat zombies
  22 hobgoblins
  2 jackals (D:1)
  4 quokkas
  12 bats
  6 giant cockroaches
  A giant gecko skeleton (D:4)
  2 giant newts
  A giant spore (D:9)
  28 goblins
  10 kobolds
  A quokka skeleton (D:5)
  12 rats
  A river rat simulacrum (Lair:6)
  5 fungi
  7 plants
483 creatures vanquished.

Vanquished Creatures (collateral kills)
  Josephine (Lair:4)
  3 hydras
  2 death yaks (Lair:3)
  An ice devil (D:8)
  A hill giant (D:10)
  An orb spider (Lair:5)
  A polar bear (Lair:2)
  2 wraiths (Lair:4)
  2 yaks
  A hungry ghost (D:8)
  6 soldier ants
  2 porcupines
  An ice beast (Lair:2)
  A phantom (D:10)
  2 orc warriors
  2 ogres
  A crocodile (Lair:2)
  A brain worm (D:10)
  A giant frog (Lair:2)
  A wyvern skeleton (D:10)
  An electric eel (Lair:2)
  A hound (D:7)
  3 orc priests
  6 orc wizards
  5 worker ants
  A yak simulacrum (Lair:6)
  9 orcs
  2 bats (D:8)
  4 river rat simulacra (Lair:6)
  2 plants (D:8)
67 creatures vanquished.

Vanquished Creatures (others)
  A smoke demon (D:8)
  A blue devil (Lair:5)
  2 chaos spawn
  A neqoxec (Lair:5)
  2 fungi
7 creatures vanquished.

Grand Total: 557 creatures vanquished

Notes
Turn   | Place    | Note
--------------------------------------------------------------
     0 | D:1      | namelastname112, the Draconian Gladiator, began the quest for the Orb.
     0 | D:1      | Reached XP level 1. HP: 17/17 MP: 1/1
   372 | D:1      | Reached XP level 2. HP: 23/25 MP: 2/2
   986 | D:2      | Noticed Robin
   998 | D:2      | Killed Robin
   998 | D:2      | Reached XP level 3. HP: 9/31 MP: 3/3
  1630 | D:2      | Noticed Ijyb
  1642 | D:2      | Killed Ijyb
  1642 | D:2      | Reached skill level 4 in Staves
  1642 | D:2      | Reached XP level 4. HP: 29/38 MP: 4/4
  1832 | D:2      | Noticed Terence
  1844 | D:2      | Killed Terence
  2169 | D:3      | Reached XP level 5. HP: 46/46 MP: 5/5
  2393 | D:3      | Reached skill level 5 in Staves
  2724 | D:3      | HP: 2/46 [poisoned by a worker ant]
  2727 | D:3      | Reached XP level 6. HP: 14/52 MP: 6/6
  3102 | D:3      | Found a radiant altar of Vehumet.
  3331 | D:4      | Found a bloodstained altar of Trog.
  3337 | D:4      | Found a sand-covered staircase.
  3761 | D:4      | Found a shattered altar of Ashenzari.
  4000 | D:4      | Found a staircase to the Ecumenical Temple.
  4115 | D:5      | Entered Level 5 of the Dungeon
  4129 | D:5      | Found a basalt altar of Yredelemnul.
  4341 | D:5      | Reached skill level 6 in Staves
  4398 | D:5      | Your scales start taking on a glossy black colour.
  4398 | D:5      | Gained mutation: You are resistant to electric shocks. [Black Draconian growth]
  4398 | D:5      | Reached XP level 7. HP: 27/60 MP: 7/7
  4406 | D:5      | Gained mutation: You are weak. (Str -2) [mutagenic meat]
  4407 | D:5      | Gained mutation: You have a pair of small antennae on your head. [mutagenic meat]
  4408 | D:5      | Gained mutation: You are very weak. (Str -4) [mutagenic meat]
  4409 | D:5      | Gained mutation: You have large cloven feet. [mutagenic meat]
  4410 | D:5      | Lost mutation: You have large cloven feet. [mutagenic meat]
  4414 | D:5      | Found a shattered altar of Ashenzari.
  4463 | D:5      | Became a worshipper of Ashenzari the Shackled
  4600 | D:5      | Reached skill level 5 in Fighting
  4942 | D:5      | Reached skill level 1 in Axes
  5305 | D:6      | Reached XP level 8. HP: 30/69 MP: 8/8
  5507 | D:6      | Reached skill level 5 in Dodging
  5513 | D:6      | Gained mutation: You occasionally shout uncontrollably at your foes. [mutagenic meat]
  5515 | D:6      | Gained mutation: Potions and wands are less effective at restoring your health. [mutagenic meat]
  5548 | D:6      | Found a snail-covered altar of Cheibriados.
  5558 | D:6      | Gained mutation: Scrolls take you a little longer to read. [mutagenic meat]
  5560 | D:6      | Gained mutation: Scrolls take you longer to read. [mutagenic meat]
  6402 | D:7      | Found a sparkling altar of Nemelex Xobeh.
  6444 | D:7      | Found a glowing golden altar of the Shining One.
  6450 | D:7      | Reached skill level 5 in Axes
  6586 | D:7      | Found an opulent altar of Gozag.
  7377 | D:7      | Reached XP level 9. HP: 61/78 MP: 9/9
  7447 | D:7      | Reached skill level 7 in Fighting
  7850 | D:8      | Found a staircase to the Lair.
  7856 | D:8      | Noticed an ice devil
  7861 | D:8      | Killed an ice devil
  8911 | D:9      | Reached skill level 8 in Fighting
  9060 | D:9      | Reached XP level 10. HP: 70/88 MP: 10/10
  9335 | D:9      | Acquired Ashenzari's first power
  9411 | D:9      | Noticed namelastname112's ghost (experienced DrGl)
  9420 | D:9      | Killed namelastname112's ghost
  9420 | D:9      | Reached skill level 9 in Axes
  9770 | D:9      | Found Kodd's Book Boutique.
 10046 | D:9      | Found a staircase to the Orcish Mines.
 10251 | D:9      | Identified the cursed +1 flail "Beetlebane" {elec, MP+9 Str+4} (You took it off an orc wizard on level 9 of the Dungeon)
 10415 | D:10     | Entered Level 10 of the Dungeon
 10460 | D:10     | Noticed an unseen horror
 10462 | D:10     | Killed an unseen horror
 10462 | D:10     | Reached skill level 10 in Axes
 10473 | D:10     | Noticed a hill giant
 10475 | D:10     | Killed a hill giant
 10478 | D:10     | Gained mutation: You expend magic power (3 MP) to strengthen your wands. [mutagenic meat]
 10479 | D:10     | Gained mutation: Your spells are a little easier to cast, but a little less powerful. [mutagenic meat]
 10480 | D:10     | Lost mutation: You are very weak. (Str -4) [mutagenic meat]
 10606 | D:10     | Reached XP level 11. HP: 63/97 MP: 11/11
 10867 | D:10     | Noticed a giant orange brain
 10872 | D:10     | Killed a giant orange brain
 11113 | D:10     | Reached skill level 11 in Axes
 11186 | D:10     | Reached skill level 10 in Fighting
 11300 | D:11     | Noticed an unseen horror
 11307 | D:11     | Killed an unseen horror
 12031 | Lair:1   | Entered Level 1 of the Lair of Beasts
 12300 | Lair:1   | Acquired Ashenzari's second power
 12423 | Lair:1   | Lost mutation: You have a pair of small antennae on your head. [potion of mutation]
 13075 | Lair:1   | Reached skill level 12 in Axes
 13729 | Lair:3   | Reached XP level 12. HP: 71/108 MP: 12/12
 14045 | Lair:3   | Identified the Guide on Augmentations and Feathers
 14106 | Lair:3   | Found a staircase to the Swamp.
 14121 | Lair:3   | Acquired Ashenzari's third power
 14213 | Lair:3   | Noticed a five-headed hydra
 14285 | Lair:3   | Noticed a death yak
 14285 | Lair:3   | Noticed a death yak
 14288 | Lair:3   | Noticed a death yak
 14290 | Lair:3   | Noticed a death yak
 14290 | Lair:3   | Noticed a death yak
 14291 | Lair:3   | Noticed a death yak
 14300 | Lair:3   | Killed a death yak
 14300 | Lair:3   | Reached skill level 13 in Axes
 14301 | Lair:3   | Killed a death yak
 14303 | Lair:3   | Killed a death yak
 14303 | Lair:3   | Reached skill level 10 in Dodging
 14305 | Lair:3   | Killed a death yak
 14308 | Lair:3   | Killed a death yak
 14310 | Lair:3   | Killed a death yak
 14313 | Lair:3   | Killed a five-headed hydra
 14638 | Lair:3   | Found a glowing silver altar of Zin.
 15042 | Lair:4   | Noticed Josephine
 15051 | Lair:4   | Killed Josephine
 15051 | Lair:4   | Reached skill level 14 in Axes
 15714 | Lair:4   | Reached XP level 13. HP: 91/118 MP: 13/13
 15813 | Lair:4   | Found a blossoming altar of Fedhas.
 16782 | Lair:5   | Found a hole to the Spider Nest.
 17267 | Lair:6   | Reached skill level 15 in Axes
 18529 | Lair:6   | Found a staircase to the Swamp.
 18935 | Lair:6   | Slain by a death yak

Action                   |  1- 3 |  4- 6 |  7- 9 | 10-12 | 13-15 || total
-------------------------+-------+-------+-------+-------+-------++-------
Melee: Quarterstaff      |   127 |   188 |    29 |       |       ||   344
       Broad axe         |       |       |   191 |   366 |   263 ||   820
 Abil: Evoke Flight      |       |       |       |       |     1 ||     1
Evoke: Wand              |       |       |       |     2 |     4 ||     6
  Use: Potion            |       |     3 |     3 |     5 |     4 ||    15
       Scroll            |       |       |    11 |    20 |     4 ||    35
 Stab: Sleeping          |       |       |     1 |     2 |     1 ||     4
       Distracted        |       |       |       |     1 |     1 ||     2
  Eat: Chunk             |     2 |     6 |    26 |    21 |     5 ||    60
       Royal jelly       |       |     1 |       |       |       ||     1
       Fruit             |       |       |     2 |     1 |       ||     3
       Pizza             |       |       |       |     1 |       ||     1
       Beef jerky        |       |       |       |     1 |       ||     1
       Meat ration       |       |       |       |       |     1 ||     1
